AoeStats
← GuaRdiaNN

Arabia

507892836Analyzed
3v3 RM · 11d ago on Sep 20, 2026· 80m 30s· 6 players
Game mode
Random Map
Map size
Normal (6 player)
Population
200
Speed
Normal
Resources
Standard
Victory
Conquest
Starting age
Dark Age
Ending age
Imperial Age
RankedLock teamsTeams togetherTeam positionsShared explorationLock speedFull tech treeHidden civsTurbo modeCheats
Victory
Defeat
🇨🇦 Vietnamese · Canada
1017
+14
🇺🇸 Khmer · United States
1009
+14
🇺🇸 Italians · United States
925
+17
🇦🇷 Georgians · Argentina
1010
-17
🇦🇷 Celts · Argentina
962
-15
🇦🇷 Mongols · Argentina
917
-13
KoA | Sir Ito
5:10 Loom
9:59 Feudal Age
12:16 Double-Bit Axe
14:29 Horse Collar
21:03 Castle Age
21:10 Bloodlines
21:25 Scale Barding Armor
21:33 Forging
21:15 Fletching
21:25 Gold Mining
23:22 Husbandry
26:09 Stone Mining
28:28 Wheelbarrow
28:49 Bodkin Arrow
29:16 Chain Barding Armor
32:38 Hand Cart
33:05 Bow Saw
39:00 Imperial Age
39:43 Iron Casting
40:08 Cavalier
42:35 Blast Furnace
42:11 Plate Barding Armor
41:38 Bracer
44:41 Elite Monaspa
45:38 Heavy Plow
45:33 Town Watch
47:11 Chemistry
46:10 Pikeman
46:51 Squires
47:18 Halberdier
54:01 Treadmill Crane
54:47 Ballistics
54:07 Treadmill Crane
56:42 Svan Towers
56:44 Aznauri Cavalry
64:43 Conscription
75:58 Scale Mail Armor
78:04 Light Cavalry
GuaRdiaNN
7:08 Loom
10:20 Feudal Age
10:51 Double-Bit Axe
12:04 Man-at-Arms
16:08 Wheelbarrow
17:50 Horse Collar
22:02 Castle Age
22:33 Forging
22:24 Scale Mail Armor
22:38 Pikeman
22:55 Light Cavalry
23:36 Husbandry
43:25 Elite Skirmisher
46:45 Murder Holes
48:55 Hand Cart
49:03 Hand Cart
49:47 Ballistics
51:32 Bow Saw
55:21 Scale Barding Armor
65:14 Imperial Age
63:26 Gambesons
63:02 Long Swordsman
68:36 Chemistry
67:55 Furor Celtica
67:39 Stronghold
67:13 Two-Handed Swordsman
67:13 Halberdier
67:55 Town Watch
69:17 Champion
70:32 Fletching
73:15 Cavalier
73:16 Hussar
79:06 Iron Casting
78:48 Chain Mail Armor
KoA | Vladimir Makarov
7:24 Loom
9:25 Feudal Age
11:42 Double-Bit Axe
12:41 Horse Collar
16:10 Wheelbarrow
17:22 Forging
22:56 Castle Age
22:14 Fletching
22:39 Gold Mining
25:14 Bow Saw
27:42 Light Cavalry
29:16 Bodkin Arrow
29:47 Elite Skirmisher
31:27 Scale Barding Armor
32:01 Heavy Plow
44:15 Chain Barding Armor
44:31 Iron Casting
45:54 Husbandry
46:05 Bloodlines
49:42 Imperial Age
47:25 Stone Mining
48:15 Padded Archer Armor
48:28 Caravan
49:44 Heavy Camel Rider
51:58 Husbandry
52:08 Bloodlines
52:53 Gold Shaft Mining
52:53 Stone Shaft Mining
53:12 Conscription
55:02 Elite Mangudai
56:17 Bracer
58:43 Blast Furnace
58:00 Leather Archer Armor
57:59 Murder Holes
58:12 Siege Engineers
57:44 Capped Ram
61:00 Drill
60:03 Siege Ram
63:10 Heavy Scorpion
65:37 Onager
67:30 Siege Onager
68:38 Siege Onager
toolbanana-man
12:30 Feudal Age
13:10 Double-Bit Axe
19:12 Castle Age
19:20 Crossbowman
20:01 Pikeman
29:54 Imperial Age
31:35 Chemistry
35:01 Scale Mail Armor
35:12 Forging
36:43 Thumb Ring
36:56 Loom
36:57 Town Watch
37:48 Wheelbarrow
37:54 Fletching
40:14 Ballistics
39:44 Elite Genoese Crossbowman
41:53 Chain Mail Armor
43:51 Murder Holes
44:53 Squires
46:24 Fortified Wall
57:49 Masonry
66:57 Silk Road
67:12 Bodkin Arrow
67:48 Plate Mail Armor
67:45 Caravan
77:32 Conscription
77:16 Bracer
BiggM4k
0:28 Loom
12:45 Feudal Age
15:02 Double-Bit Axe
19:49 Castle Age
17:47 Gold Mining
18:18 Fletching
20:56 Crossbowman
21:54 Horse Collar
22:57 Squires
23:55 Bodkin Arrow
25:46 Thumb Ring
25:44 Padded Archer Armor
27:05 Leather Archer Armor
31:41 Wheelbarrow
31:29 Bow Saw
36:22 Imperial Age
36:49 Ballistics
38:05 Two-Man Saw
38:25 Arbalester
40:25 Hand Cart
42:20 Bracer
45:37 Stone Mining
45:16 Pikeman
45:59 Scale Mail Armor
46:10 Forging
48:28 Heavy Plow
50:01 Town Watch
52:30 Paper Money
51:43 Halberdier
52:50 Elite Skirmisher
54:07 Chain Mail Armor
55:21 Iron Casting
54:27 Imperial Skirmisher
55:56 Arson
57:56 Plate Mail Armor
57:57 Ring Archer Armor
60:58 Scale Barding Armor
61:49 Bloodlines
61:40 Husbandry
61:01 Light Cavalry
62:05 Chain Barding Armor
65:50 Plate Barding Armor
66:41 Cavalier
dudeofpersia
5:14 Loom
12:25 Feudal Age
17:04 Castle Age
18:59 Scale Barding Armor
19:10 Gold Mining
19:07 Double-Bit Axe
26:56 Forging
28:43 Wheelbarrow
28:24 Bloodlines
28:36 Chain Barding Armor
33:50 Imperial Age
36:14 Hand Cart
36:07 Light Cavalry
38:49 Husbandry
39:46 Conscription
40:10 Fletching
43:38 Plate Barding Armor
43:45 Bodkin Arrow
46:24 Double Crossbow
49:05 Bow Saw
49:52 Elite Ballista Elephant
52:29 Siege Engineers
52:06 Hussar
58:53 Chemistry
64:15 Caravan
74:34 Iron Casting
Connection lost

Rejoining the realm…

Still unreachable

The connection could not be restored.

Session expired

The server has moved on; the page needs a fresh start.